 Dungeon Crawl Stone Soup version 0.30-b1-5-g8e6c1be481 (webtiles) character file.

Game seed: 3246003671843127430

38 monsoonserge the Cudgeller (level 3, -1/15 (29) HPs)
             Began as a Meteoran Reaver on May 5, 2023.
             Succumbed to Crazy Yiuf's poison
             ... on level 2 of the Dungeon.
             The game lasted 00:06:08 (878 turns).

monsoonserge the Cudgeller (Meteoran Reaver)         Turns: 878, Time: 00:06:08

HP:   -1/15 (29)    AC:  3    Str: 16    XL:     3   Next: 91%
MP:   8/8           EV: 12    Int: 14    God:
Gold: 62            SH:  0    Dex: 12    Spells: 7/8 levels left

rFire   . . .        a - +0 mace
rCold   . . .        (no shield)
rNeg    . . .        b - +0 leather armour
rPois   .            (no helmet)
rElec   .            (no cloak)
rCorr   .            (no gloves)
SInv    .            (no boots)
Will    .....        (no amulet)
Stlth   +            (no ring)
HPRegen 0.22/turn    (no ring)
MPRegen 0.11/turn

%: no passive effects
@: mighty, lethally poisoned (-1 -> -14), glowing, very heavily drained
A: sense surroundings 1, otherworldly, glowing, explore regen
a: no special abilities


You were on level 2 of the Dungeon.
You visited 1 branch of the dungeon, and saw 2 of its levels.

You collected 62 gold pieces.

Inventory:

Hand Weapons
 a - a +0 mace (weapon)
Missiles
 h - 3 poisoned darts
Armour
 b - a +0 leather armour (worn)
 i - a +0 ring mail
Scrolls
 c - 3 scrolls of poison {unknown}
 d - a scroll of vulnerability {unknown}
 f - 2 scrolls of enchant weapon {unknown}
 g - a scroll of identify {unknown}
 j - a scroll of enchant armour {unknown}
 k - a scroll of teleportation {unknown}
Potions
 l - a potion of degeneration {unknown}


   Skills:
 + Level 2.2 Fighting
 + Level 4.3 Maces & Flails
 + Level 1.6 Armour
 + Level 2.5 Dodging
 - Level 3.0 Spellcasting
 + Level 4.0 Conjurations
 - Level 1.0 Necromancy


You had 7 spell levels left.
You knew the following spells:

 Your Spells              Type           Power      Damage    Failure   Level
a - Kiss of Death         Conj/Necr      36%        2d8       10%         1

Your spell library contained the following spells:

 Spells                   Type           Power      Damage    Failure   Level
 Momentum Strike          Conj/Tloc      14%        3d8       17%         2
 Hailstorm                Conj/Ice       7%         3d4       34%         3
 Lesser Beckoning         Tloc           4%         N/A       36%         2
 Gell's Gravitas          Tloc           2%         N/A       61%         3
 Teleport Other           Tloc           2%         N/A       61%         3


Dungeon Overview and Level Annotations

Branches:
Dungeon (2/15) Zot: 309

Altars:
Makhleb

Annotations:
D:2 Crazy Yiuf


Innate Abilities, Weirdness & Mutations

You passively map a small area around you.
You are easily found by Zot.
You glow in the dark.
You regain HP and MP as you explore.


Message History

You see here a +0 robe.
There is an open door here.
An endoplasm comes into view.
The endoplasm barely misses you.
You barely miss the endoplasm. The endoplasm barely misses you.
You hit the endoplasm.
The endoplasm is lightly wounded.
The endoplasm hits you but does no damage.
You hit the endoplasm but do no damage.
The endoplasm is lightly wounded.
The endoplasm hits you.
You barely miss the endoplasm.
The endoplasm is lightly wounded.
The endoplasm freezes you.
You are frozen.
You hit the endoplasm.
You kill the endoplasm!
Found a hammer.
Found a runed translucent door.
Crazy Yiuf shouts!
You open the door.
Casting: Kiss of Death (safe; 10% risk of failure)
Confirm with . or Enter, or press ? or * to list all spells.
Aiming: Kiss of Death (safe; 10% risk of failure)
Press: ? - help, Shift-Dir - straight line, f - Crazy Yiuf
Aim: Crazy Yiuf, wielding a +2 quarterstaff of chaos and wearing a +0 cloak (100% to hit)
The negative energy hits Crazy Yiuf!
Crazy Yiuf is drained!
Crazy Yiuf is heavily wounded.
You feel drained.
Crazy Yiuf hits you with a +2 quarterstaff of chaos.
Crazy Yiuf burns you.
You hit Crazy Yiuf but do no damage.
Crazy Yiuf is heavily wounded.
Crazy Yiuf hits you with a +2 quarterstaff of chaos!
Ouch! That really hurt!
* * * LOW HITPOINT WARNING * * *
You are lethally poisoned!
Unknown command.
It was a potion of might.
You feel very mighty all of a sudden.
You die...

###...# *, ###.# # , ,
, ####.#.#. *
#......#. #...#..#.
#...##... ### ####...#
.#. #)..### ##.+....#
.#.
#...g@####.......##+#.
*
#...##..#........#....
, ###
###.#..+....#....
#######...#....
#...#.... * *
#####...> * , ,* ,
#.... , * #.... * * *
#....


You could see Crazy Yiuf (very drained).

Vanquished Creatures
  2 adders (D:2)
  2 endoplasms
  4 goblins
  A hobgoblin (D:2)
  2 kobolds
  5 ball pythons
  2 bats (D:1)
  2 frilled lizards
  2 rats
22 creatures vanquished.

Notes
Turn   | Place    | Note
-------+----------+-------------------------------------------
     0 | D:1      | monsoonserge the Meteoran Reaver began the quest for the
                  | Orb.
     0 | D:1      | Reached XP level 1. HP: 17/17 MP: 5/5
   123 | D:1      | Reached XP level 2. HP: 18/24 MP: 6/6
   494 | D:1      | Glimpsed the power of Zot.
   497 | D:1      | Reached skill level 1 in Necromancy
   586 | D:2      | Noticed a floating eye
   588 | D:2      | Found a faded altar of an unknown god.
   590 | D:2      | Noticed a floating eye
   591 | D:2      | Noticed a golden eye
   591 | D:2      | Noticed a floating eye
   627 | D:2      | Reached skill level 1 in Armour
   627 | D:2      | Reached XP level 3. HP: 10/29 MP: 8/8
   770 | D:2      | Found a burning altar of Makhleb.
   871 | D:2      | Found a runed translucent door.
   872 | D:2      | Noticed Crazy Yiuf
   878 | D:2      | Succumbed to Crazy Yiuf's poison

Illustrated notes

Levels and vault maps discovered:
D:1:      nicolae_arrival_memento_mori, layout_basic,
          nicolae_kite_square_tiling_tiny
D:2:      layout_basic, hellmonk_ecumenical_altar_watching_god, basic_altar,
          minmay_diced_spiral, uniq_crazy_yiuf_cottage

Skill      XL: |  1  2  3 |
---------------+----------+-----
Conjurations   | 4 |  4.0
Necromancy     | 1 |  1.0
Armour         | 1 |  1.6
Spellcasting   | 3 |  3.0
Fighting       | |  2.2
Maces & Flails | |  4.3
Dodging        | |  2.5

Action                     || total
---------------------------++-------
  Melee: Mace              ||    68
   Cast: Kiss of Death     ||     3
    Use: Potion            ||     1
 Armour: Leather armour    ||    24
  Dodge: Dodged            ||    41
